 Dungeon Crawl Stone Soup version 0.31-a0-978-g1e14348 (webtiles) character file.

Game seed: 5558830501459984635

15536 Unit2 the Zephyrmancer (level 12, -4/76 HPs)
             Began as a Demonspawn Venom Mage on Oct 30, 2023.
             Was an Initiate of Gozag.
             Slain by a minotaur
             ... wielding the +0 falchion of the Destroying Hawk {freeze, +Blink rF+ Stlth+}
              (13 damage)
             ... in a Gauntlet.
             The game lasted 00:21:15 (10593 turns).

Unit2 the Zephyrmancer (Demonspawn Venom Mage)     Turns: 10593, Time: 00:21:16

Health: -4/76      AC:  6    Str:  8    XL:     12   Next: 2%
Magic:  39/45      EV: 12    Int: 27    God:    Gozag
Gold:   540        SH:  0    Dex: 20    Spells: 24/33 levels left

rFire   + . .        s - +3 rapier (heavy)
rCold   . . .        (no shield)
rNeg    . . .        r - +1 robe {rF+}
rPois   .            (helmet unavailable)
rElec   .            A - scarf {repulsion}
rCorr   .            h - +2 pair of gloves
SInv    +            (no boots)
Will    .....        j - amulet of magic regeneration
Stlth   ++           M - ring of magical power
HPRegen 0.32/turn    q - ring "Yhamm" {MP+9 Int+6 Dex+5}
MPRegen 0.69/turn

%: no teleportation, repel missiles
@: radiating poison
A: antennae 3, foul stench 1, demonic magic 1, weakness stinger 2, demonic touch
1
a: Renounce Religion, Potion Petition, Call Merchant, Bribe Branch


You were in a Gauntlet.
You worshipped Gozag.
Gozag was pleased with you.
You visited 1 branch of the dungeon, and saw 11 of its levels.
You also visited: Sewer, Ossuary and Gauntlet.

You collected 3093 gold pieces.
You spent 1020 gold pieces at shops.
You paid 1533 gold pieces to Gozag.

Inventory:

Hand Weapons
 s - a +3 heavy rapier (weapon)
Missiles
 l - 38 poisoned darts
 G - 2 throwing nets
Armour
 h - a +2 pair of gloves (worn)
 r - a +1 robe of fire resistance (worn)
 A - a scarf of repulsion (worn)
 H - a +2 robe of willpower
Jewellery
 b - the ring of the Hurting Visionary {rF+ SInv}
   (You found it in a Gauntlet)

   [ring of protection from fire]

   rF+:       It protects you from fire.
   SInv:      It lets you see invisible.
 j - an amulet of magic regeneration (around neck)
 q - the ring "Yhamm" (right hand) {MP+9 Int+6 Dex+5}
   (You bought it in a shop on level 8 of the Dungeon)

   [ring of intelligence]

   Int+6:     It affects your intelligence (+6).
   Dex+5:     It affects your dexterity (+5).
   MP+9:      It affects your magic capacity (+9).
 M - a ring of magical power (left hand)
Talismans
 f - a blade talisman
Wands
 t - a wand of iceblast (6)
 C - a wand of charming (5)
 I - a wand of quicksilver (6)
 J - a wand of polymorph (5)
 K - a wand of flame (9)
Scrolls
 a - a scroll of blinking
 i - 3 scrolls of amnesia
 m - 4 scrolls of fog
 w - a scroll of torment {unknown}
 x - a scroll of fear
 y - 3 scrolls of enchant armour {unknown}
 z - a scroll of immolation
 B - 3 scrolls of teleportation
 E - a scroll of brand weapon
 L - a scroll of identify
Potions
 c - 3 potions of mutation
 d - 5 potions of curing
 g - 2 potions of cancellation {unknown}
 k - 4 potions of lignification
 n - 3 potions of brilliance {unknown}
 o - 5 potions of enlightenment
 p - a potion of might
 u - 3 potions of magic
 v - 4 potions of heal wounds {unknown}
 D - 2 potions of ambrosia {unknown}
 F - 2 potions of attraction {unknown}


   Skills:
 - Level 1.0 Fighting
 - Level 1.7 Dodging
 - Level 1.7 Stealth
 - Level 11.1 Spellcasting
 - Level 0.8 Transmutations
 + Level 13.1 Air Magic
 - Level 7.0 Poison Magic


You had 24 spell levels left.
You knew the following spells:

 Your Spells              Type           Power      Damage    Failure   Level
a - Sting                 Tmut/Pois      100%       1d8       1%          1
b - Olgreb's Toxic Radia  Pois           52%        N/A       2%          4
c - Airstrike             Air            36%        2d(6-22)  1%          4

Your spell library contained the following spells:

 Spells                   Type           Power      Damage    Failure   Level
 Shock                    Conj/Air       100%       1d9       1%          1
 Poisonous Vapours        Pois/Air       100%       N/A       1%          2
 Mephitic Cloud           Conj/Pois/Air  50%        N/A       1%          3
 Swiftness                Air            72%        N/A       1%          3
 Freeze                   Ice            60%        1d7       3%          1
 Ensorcelled Hibernation  Hex/Ice        30%        N/A       6%          2
 Jinxbite                 Hex            30%        N/A       6%          2
 Frozen Ramparts          Ice            30%        1d5       12%         3
 Hailstorm                Conj/Ice       15%        3d5       12%         3
 Freezing Cloud           Conj/Ice/Air   19%        6-21      17%         5
 Anguish                  Hex/Necr       7%         N/A       36%         4


Dungeon Overview and Level Annotations

Branches:
Dungeon (11/15)              Lair (0/5) D:9           Sewer (visited)
Ossuary (visited)         Gauntlet (1/1)
 Temple: D:4-7          Orc: D:9-12

Altars:
Ashenzari
Cheibriados
Dithmenos
Fedhas
Gozag
Makhleb
Nemelex Xobeh
Okawaru
Qazlal
Ru
Uskayaw
Yredelemnul

Shops:
D:3 :   D:4 *   D:8 [=

Annotations:
D:6 3 runed translucent doors, Kave's ghost, novice TrSh; Shifty's ghost, novice AtFi; uhhuh's ghost, novice DjFE
D:11 1 runed translucent door, Kave's ghost, journeyman TrSh Gauntlet 4 transporters, exclusion: ice statue


Innate Abilities, Weirdness & Mutations

You have a pair of large antennae on your head. (SInv)
You may rarely emit foul miasma when damaged in melee.
Spells you cast may paralyse adjacent enemies.
You have a tail ending in a sharp stinger.
Your touch may inflict minor irresistible damage on your foes.


Message History

The javelin pierces through you!!
* * * LOW HITPOINT WARNING * * *
Read: 3 scrolls of fear
Press: ? - help, Q - select action, (/) - cycle Dir - look around, f - activate
As you read the scroll of fear, it crumbles to dust.
You assume a fearsome visage.
The minotaur looks frightened!
Your attack snaps the minotaur out of its fear.
Unknown command. [a] - 351 gold - heal wounds and magic [b] - 406 gold - resistance and might [c] - 130 gold - heal wounds Purchase which effect?
You feel much better.
Read: 2 scrolls of fear
Press: ? - help, Q - select action, (/) - cycle Dir - look around, f - activate You can't see that place.
As you read the scroll of fear, it crumbles to dust.
You assume a fearsome visage.
The minotaur looks frightened!
Your attack snaps the minotaur out of its fear.
The minotaur looks as sick as possible!
The minotaur closely misses you.
The minotaur gores you but does no damage.
Aiming: Quicksilver Bolt
Press: ? - help, Shift-Dir - straight line The bolt of dispelling energy hits the minotaur!
The minotaur is almost dead.
The minotaur hits you with the +0 falchion of the Destroying Hawk {freeze, +Blink rF+ Stlth+}!
* * * LOW HITPOINT WARNING * * *
The minotaur freezes you.
* * * LOW HITPOINT WARNING * * *
The minotaur gores you.
* * * LOW HITPOINT WARNING * * *
Aiming: Quicksilver Bolt
Press: ? - help, Shift-Dir - straight line The bolt of dispelling energy hits the minotaur.
The minotaur is almost dead.
The minotaur hits you with the +0 falchion of the Destroying Hawk {freeze, +Blink rF+ Stlth+}!
You die...
Your body crumbles into a pile of gold.

#############
#..@........#
#.H########.#
##.#.H.....#.##
#..#.#####.#..#
#.##.# #.##.#
#.#..# ...#.#
#.#.## 8##.#.#
#.#. ## .#.#
#.#. .#.#


You could see a minotaur (extremely poisoned).

Vanquished Creatures
  3 death yaks (Gauntlet)
  2 tengu warriors (D:10)
  A hell hog (Gauntlet)
  2 two-headed ogres
  A fire crab (shapeshifter) (D:11)
  A necromancer (Gauntlet)
  A cyclops (D:8)
  3 centaur zombies (D:7)
  Joseph (D:7)
  A gargoyle (D:11)
  A centaur skeleton (D:7)
  A rime drake (Gauntlet)
  2 unseen horrors
  A hellwing (D:7)
  A hornet (D:9)
  Grinder (D:6)
  A small abomination (Gauntlet)
  A meliai zombie (D:7)
  Sigmund (D:6)
  3 yaks (D:10)
  A wraith (D:11)
  Eustachio (D:4)
  A wyvern (D:9)
  A steam dragon (D:9)
  4 fire bats (Gauntlet)
  Menkaure (D:6)
  3 wargs (D:9)
  A water moccasin (D:5)
  A hell hound (Gauntlet)
  2 ice beasts (D:5)
  A sky beast (D:7)
  2 black bears
  3 orc warriors
  An ogre (D:5)
  7 centaurs
  A phantom (D:6)
  3 kobold brigands
  Blork the orc (D:5)
  A gnoll sergeant (D:8)
  A bullfrog (D:8)
  2 scorpions
  6 wights
  A howler monkey (D:8)
  2 electric eels (D:6)
  A quasit (Sewer)
  5 orc priests
  A hound (D:6)
  2 jellies
  2 sleepcaps
  A boggart zombie (D:7)
  5 iguanas
  13 orc wizards
  8 mummies (Ossuary)
  6 gnolls
  10 adders
  5 shadow imps
  2 ufetubi (D:6)
  A dart slug (D:3)
  23 orcs
  12 ball pythons
  A bat zombie (Sewer)
  3 endoplasms
  7 giant cockroaches
  4 goblins
  8 hobgoblins
  4 jackals
  5 quokkas
  5 bats
  3 frilled lizards
  3 gnoll zombies (Ossuary)
  A hobgoblin zombie (Ossuary)
  29 kobolds
  A kobold zombie (Ossuary)
  3 orc zombies (Ossuary)
  5 rats
256 creatures vanquished.

Notes
Turn   | Place    | Note
-------+----------+-------------------------------------------
     0 | D:1      | Unit2 the Demonspawn Venom Mage began the quest for the
                  | Orb.
     0 | D:1      | Reached XP level 1. HP: 13/13 MP: 3/3
   191 | D:1      | Discovered your monstrous ancestry.
   191 | D:1      | Gained mutation: You have a pair of small antennae on your
                  | head. [demonic ancestry]
   191 | D:1      | Reached XP level 2. HP: 20/20 MP: 0/5
   896 | D:2      | Reached skill level 1 in Fighting
   944 | D:2      | Gained mutation: You have a small tail. [demonic ancestry]
   944 | D:2      | Reached XP level 3. HP: 18/26 MP: 1/6
  1422 | D:2      | Gained mutation: Spells you cast may paralyse adjacent
                  | enemies. [demonic ancestry]
  1422 | D:2      | Reached XP level 4. HP: 25/32 MP: 5/8
  1648 | D:3      | Learned a level 4 spell: Olgreb's Toxic Radiance
  1663 | D:3      | Found Dumeph's Book Emporium.
  1846 | D:3      | Found a hide-covered altar of Uskayaw.
  2005 | D:3      | Gained mutation: You have a pair of antennae on your head.
                  | [demonic ancestry]
  2005 | D:3      | Reached XP level 5. HP: 37/37 MP: 7/9
  2249 | D:4      | Reached skill level 5 in Poison Magic
  2292 | D:4      | Found a sand-covered staircase.
  2330 | D:4      | Noticed Eustachio
  2352 | D:4      | Killed Eustachio
  2353 | D:4      | Gained mutation: You have a tail ending in a sharp stinger.
                  | [demonic ancestry]
  2353 | D:4      | Reached XP level 6. HP: 28/43 MP: 1/11
  2369 | Ossuary  | Entered an ossuary
  2967 | D:4      | Found Veywibb's General Store.
  2986 | D:4      | Bought a scroll of immolation for 56 gold pieces
  2986 | D:4      | Bought a scroll of identify for 28 gold pieces
  2986 | D:4      | Bought a potion of haste for 140 gold pieces
  3230 | D:4      | Found an opulent altar of Gozag.
  3275 | D:4      | Became a worshipper of Gozag Ym Sagoz the Greedy
  3500 | D:5      | Entered Level 5 of the Dungeon
  3581 | D:5      | Reached XP level 7. HP: 48/48 MP: 13/13
  3983 | D:5      | Reached skill level 5 in Spellcasting
  4281 | D:5      | Noticed Blork the orc
  4297 | D:5      | Killed Blork the orc
  4712 | D:5      | Reached XP level 8. HP: 46/54 MP: 11/17
  4743 | D:6      | Noticed Grinder
  4774 | D:6      | Noticed uhhuh's ghost (novice DjFE)
  4774 | D:6      | Noticed Kave's ghost (novice TrSh)
  4774 | D:6      | Noticed Shifty's ghost (novice AtFi)
  4774 | D:6      | Found a runed translucent gate.
  4774 | D:6      | Found a runed translucent gate.
  4774 | D:6      | Found a runed translucent gate.
  4804 | D:6      | Killed Grinder
  4814 | D:6      | Noticed Menkaure
  4823 | D:6      | Killed Menkaure
  4931 | D:6      | Noticed Sigmund
  4939 | D:6      | Killed Sigmund
  4966 | D:6      | Found a glowing drain.
  4975 | Sewer    | Entered a sewer
  5108 | Sewer    | Found a burning altar of Makhleb.
  5404 | D:6      | Gained mutation: You may rarely emit foul miasma when
                  | damaged in melee. [demonic ancestry]
  5404 | D:6      | Reached XP level 9. HP: 59/59 MP: 19/22
  5519 | D:6      | Noticed an angel
  5955 | D:7      | Reached skill level 10 in Spellcasting
  6127 | D:7      | Noticed a hellwing
  6283 | D:8      | Noticed a cyclops
  6294 | D:8      | Killed a cyclops
  6460 | D:8      | Found a sparkling altar of Nemelex Xobeh.
  6558 | D:8      | Found a stormy altar of Qazlal.
  6562 | D:8      | Found a blossoming altar of Fedhas.
  6577 | D:8      | Learned a level 4 spell: Airstrike
  6610 | D:8      | Noticed a two-headed ogre
  6616 | D:8      | Reached skill level 1 in Air Magic
  6631 | D:8      | Killed a two-headed ogre
  6632 | D:8      | Reached skill level 4 in Air Magic
  6864 | D:8      | Identified a scroll of acquirement
  6864 | D:8      | Acquired 963 gold pieces
  6869 | D:8      | Bought the ring "Yhamm" {MP+9 Int+6 Dex+5} for 796 gold
                  | pieces
  7074 | D:7      | Gained mutation: Your touch may inflict minor irresistible
                  | damage on your foes. [demonic ancestry]
  7074 | D:7      | Reached XP level 10. HP: 65/65 MP: 25/25
  7088 | D:7      | Noticed Joseph
  7097 | D:7      | Killed Joseph
  7098 | D:7      | Reached skill level 5 in Air Magic
  7270 | D:7      | Reached skill level 6 in Air Magic
  7561 | D:7      | Reached skill level 7 in Air Magic
  7678 | D:7      | Reached skill level 8 in Air Magic
  7809 | D:7      | Found a snail-covered altar of Cheibriados.
  8242 | D:9      | Found a sacrificial altar of Ru.
  8501 | D:9      | Noticed a two-headed ogre
  8555 | D:9      | Killed a two-headed ogre
  8556 | D:9      | Reached skill level 9 in Air Magic
  8671 | D:9      | Found a staircase to the Lair.
  8681 | D:9      | Reached XP level 11. HP: 61/70 MP: 22/26
  8748 | D:9      | Found a shadowy altar of Dithmenos.
  9113 | D:9      | Found a burning altar of Makhleb.
  9287 | D:10     | Entered Level 10 of the Dungeon
  9305 | D:10     | Found a basalt altar of Yredelemnul.
  9325 | D:10     | Noticed a tengu warrior
  9339 | D:10     | Noticed a tengu warrior
  9343 | D:10     | Killed a tengu warrior
  9344 | D:10     | Reached skill level 10 in Air Magic
  9350 | D:10     | Killed a tengu warrior
  9523 | D:10     | Found a large runed translucent door.
  9524 | D:10     | Found a large runed translucent door.
  9624 | D:10     | Found a broken altar of Ashenzari.
  9627 | D:10     | Found an iron altar of Okawaru.
  9627 | D:10     | Noticed a two-headed ogre
  9663 | D:11     | Reached skill level 11 in Air Magic
  9681 | D:11     | Noticed a fire crab
  9689 | D:11     | Killed a fire crab
  9808 | D:11     | Found a runed translucent door.
  9810 | D:11     | Noticed Kave's ghost (journeyman TrSh)
  9829 | D:11     | Found a gate leading to a gauntlet.
  9857 | Gauntlet | Entered a Gauntlet
  9857 | Gauntlet | Found a transporter.
  9860 | Gauntlet | Found a transporter.
  9863 | Gauntlet | Found a transporter.
  9863 | Gauntlet | Found a transporter.
  9972 | Gauntlet | Found a transporter.
  9972 | Gauntlet | Found a transporter.
  9974 | Gauntlet | Found a transporter.
 10076 | Gauntlet | Found a transporter.
 10077 | Gauntlet | Found a transporter.
 10077 | Gauntlet | Noticed a hell hog
 10082 | Gauntlet | Found a transporter.
 10090 | Gauntlet | Found a runed translucent gate.
 10090 | Gauntlet | Found a runed translucent gate.
 10090 | Gauntlet | Found a runed translucent gate.
 10102 | Gauntlet | Found a transporter.
 10110 | Gauntlet | Found a transporter.
 10111 | Gauntlet | Found a transporter.
 10119 | Gauntlet | Reached skill level 12 in Air Magic
 10133 | Gauntlet | Killed a hell hog
 10293 | Gauntlet | Noticed a death yak
 10307 | Gauntlet | Noticed a death yak
 10308 | Gauntlet | Noticed a necromancer
 10308 | Gauntlet | Noticed a death yak
 10315 | Gauntlet | Found a transporter.
 10318 | Gauntlet | Identified the ring of the Hurting Visionary {rF+ SInv}
 10326 | Gauntlet | Killed a necromancer
 10334 | Gauntlet | Killed a death yak
 10335 | Gauntlet | Killed a death yak
 10342 | Gauntlet | Killed a death yak
 10343 | Gauntlet | Reached skill level 13 in Air Magic
 10343 | Gauntlet | Gained mutation: You have a pair of large antennae on your
                  | head. (SInv) [demonic ancestry]
 10343 | Gauntlet | Reached XP level 12. HP: 40/76 MP: 11/27
 10574 | Gauntlet | Identified the +0 falchion of the Destroying Hawk {freeze,
                  | +Blink rF+ Stlth+}
 10574 | Gauntlet | Noticed a minotaur
 10593 | Gauntlet | Slain by a minotaur

Illustrated notes

Levels and vault maps discovered:
D:1:      mrwooster_arrival_arrow, layout_basic, serial_bayou_crossing
D:2:      minmay_wonky_spiral, layout_basic, nicolae_kite_square_tiling_tiny,
          dk_noncrumbling_3
D:3:      layout_loops_cross, nicolae_uskayaw_dance_hall, serial_shops,
          nicolae_diamond_shop
D:4:      layout_loops_corners, amcnicky_altar_gilded,
          minmay_temple_entry_fiery, nicolae_ossuary_entry_monument,
          serial_shops, nicolae_shop_waterfront, uniq_eustachio
D:5:      layout_layer_cave, minivault_5, uniq_blork_the_orc
D:6:      layout_cave_pools, zin_angel, portal_sewer_entry_a,
          gammafunk_ghost_cemetery, serial_bayou_lagoon_b, uniq_menkaure,
          uniq_sigmund, uniq_grinder
D:7:      cheibrodos_grave_circle, layout_basic, mainiacjoe_overflow_boulevard,
          uniq_joseph
D:8:      layout_loops_ring, grunt_temple_overflow_forces_of_nature,
          nemelex_xobeh_ov_fountains_minmay
D:9:      layout_loops_ring, nicolae_dithmenos_the_darkroom,
          kennysheep_little_box, nicolae_ru_awakened_eye,
          erik_lair_orcish_takeover
D:10:     layout_grid_maze, trog_three_pillars_becter,
          mainiacjoe_overflow_24_doors, jmf_multi_god_temple2,
          skrybe_limestone_x, corexii_mini_fake_secret_closet
D:11:     layout_cave_pods, gauntlet_entry_generic, serial_shops,
          bzr_entry_water, shop, nicolae_shop_pleasant_corner_grove,
          ebering_ghost_inner_flame
Gauntlet: gammafunk_gauntlet_77_escape_option [minmay_gauntlet_arena_77_mess,
          minmay_gauntlet_arena_77_squiggly, minmay_gauntlet_arena_77_two_lines,
          minmay_gauntlet_arena_77_run_for_it,
          minmay_gauntlet_arena_77_tiled_triplets,
          dreamdust_gauntlet_exit_labyrinth]

Skill      XL: |  1  2  3  4  5  6  7  8  9 10 11 |
---------------+----------------------------------+-----
Fighting       | 1 |  1.0
Poison Magic   | 4 5 6 7 |  7.0
Spellcasting   | 3 4 6 9 11 | 11.1
Air Magic      | 4 9 13 | 13.1
Dodging        | |  1.7
Stealth        | |  1.7
Transmutations | |  0.8

Action                     |  1- 3 |  4- 6 |  7- 9 | 10-12 || total
---------------------------+-------+-------+-------+-------++-------
  Melee: Unarmed           |     2 |       |       |       ||     2
         Short sword       |    28 |     2 |       |       ||    30
         Tailslap          |     1 |     4 |     6 |     3 ||    14
         Dagger            |       |     5 |       |       ||     5
         Rapier            |       |    70 |    75 |    33 ||   178
         Punch             |       |     1 |       |       ||     1
         Touch             |       |       |       |     7 ||     7
   Cast: Sting             |    73 |    71 |    34 |     1 ||   179
         Olgreb's Toxic Ra |       |     9 |    76 |    56 ||   141
         Airstrike         |       |       |     1 |   131 ||   132
 Invoke: Call Merchant     |       |       |     2 |       ||     2
         Potion Petition   |       |       |       |     2 ||     2
  Evoke: Wand              |       |       |     3 |     5 ||     8
    Use: Potion            |       |     7 |     3 |     4 ||    14
         Scroll            |       |    12 |     7 |     6 ||    25
   Stab: Paralysed         |       |    10 |    18 |     2 ||    30
         Sleeping          |       |       |     1 |       ||     1
 Armour: Robe              |    35 |    39 |    67 |   108 ||   249
         Skin              |       |    78 |    12 |    11 ||   101
  Dodge: Dodged            |    57 |    45 |    55 |    58 ||   215
         Repelled          |       |       |     1 |     2 ||     3

Table legend: (Time is in decaauts)
 A = Elapsed time spent in this place.
 B = Non-inter-level travel time spent in this place.
 C = Inter-level travel time spent in this place.
 D = Time resting spent in this place.
 E = Time spent auto-exploring this place.
 F = Levels seen in this place.
 G = Mean time per level.
                   A        B        C        D        E       F      G
               +--------+--------+--------+--------+--------+-----+--------+
         Total |  10655 |  10109 |    546 |    447 |   7610 |  14 |  761.1 |
       Dungeon |   9162 |   8616 |    546 |     73 |   6988 |  11 |  832.9 |
         Sewer |    388 |    388 |      0 |      0 |    268 |   1 |  388.0 |
       Ossuary |    404 |    404 |      0 |     19 |    235 |   1 |  404.0 |
      Gauntlet |    700 |    700 |      0 |    355 |    118 |   1 |  700.0 |
               +--------+--------+--------+--------+--------+-----+--------+

Top non-repeatable levels by time:
     D:9: 1285 daAuts
     D:5: 1252 daAuts
     D:7: 1146 daAuts
     D:8: 940 daAuts
     D:4: 863 daAuts
     D:6: 851 daAuts
     D:2: 823 daAuts
     D:1: 768 daAuts
Gauntlet: 700 daAuts
     D:3: 662 daAuts
 Ossuary: 404 daAuts
   Sewer: 388 daAuts
    D:10: 354 daAuts
    D:11: 213 daAuts
